 Dungeon Crawl Stone Soup version 0.22-b1-26-g9dbaab1 (webtiles) character file.

209 Goblin1989 the Cutter (level 5, 0/41 HPs)
             Began as a Demonspawn Chaos Knight on Aug 6, 2018.
             Succumbed to an orc wizard's poison
             ... on level 3 of the Dungeon.
             The game lasted 00:06:14 (2674 turns).

Goblin1989 the Cutter (Demonspawn Chaos Knight)     Turns: 2674, Time: 00:06:15

Health: 0/41       AC:  6    Str: 14    XL:     5   Next: 55%
Magic:  5/5        EV: 11    Int: 14    God:    Xom [....*.]
Gold:   110        SH:  0    Dex: 13    Spells: 4/4 levels left

rFire    . . .     SeeInvis .   a - +0 short sword (chaos)
rCold    . . .     Gourm    .   (no shield)
rNeg     . . .     Faith    .   b - +3 leather armour
rPois    .         Spirit   .   (no helmet)
rElec    .         Reflect  .   (no cloak)
rCorr    .         Harm     .   (no gloves)
MR       .....                  (no boots)
Stlth    +.........             (no amulet)
HPRegen  0.13/turn              (no ring)
MPRegen  0.09/turn              (no ring)

@: lethally poisoned (0 -> -4), about to teleport, berserk cooldown, slowed,
very slow
A: claws 1, demonic guardian 1, strong 1
a: Renounce Religion


You were on level 3 of the Dungeon.
You worshipped Xom.
You were a beloved toy of Xom.
You were not hungry.

You visited 1 branch of the dungeon, and saw 3 of its levels.

You collected 110 gold pieces.

Inventory:

Hand Weapons
 a - a +0 short sword of chaos (weapon)
 g - a +0 hunting sling
Missiles
 n - 20 stones (quivered) {@Q3}
 o - 26 poisoned needles
 p - 19 bolts
 q - 14 arrows
Armour
 b - a +3 leather armour (worn)
Scrolls
 R - 6 scrolls of identify {@r1}
 T - a scroll of teleportation {!r, @r2}
Potions
 f - a potion of invisibility
 S - a potion of mutation {!q}
Comestibles
 e - a ration


   Skills:
 - Level 3.0 Fighting
 + Level 5.8 Short Blades
 - Level 1.7 Armour
 - Level 0.8 Dodging


You had 4 spell levels left.
You didn't know any spells.
Your spell library was empty.

Dungeon Overview and Level Annotations

Branches:
Dungeon (3/15)

Altars:
Makhleb


Innate Abilities, Weirdness & Mutations

You have sharp fingernails.
A weak demonic guardian rushes to your aid.
Your muscles are strong. (Str +2)


Message History

You don't know any spells.
Unknown command.
A red film seems to cover your vision as you go berserk!
You feel yourself moving faster!
You feel mighty!
You feel sick. Something hits you but does no damage.
The orc hits you but does no damage.
You now have 24/61 hp.
Unknown command.
You hit something. Lightning courses through something!
Reactivating autopickup.
You feel a bit more experienced.
You feel sick. Something hits you but does no damage.
Deactivating autopickup; reactivate with Ctrl-A.
You take 1 damage, and have 23/61 hp.
You feel sick.
Found a stone staircase leading down.
Items here: )) [[ †† You hit something.
Lightning courses through something!
Reactivating autopickup.
You feel a bit more experienced.
You feel sick.
You take 1 damage, and have 22/61 hp.
You feel sick. The orc hits you with a short sword.
* * * LOW HITPOINT WARNING * * *
Items here: )) [[ †† You take 2 damage, and have 20/61 hp.
You puncture the orc!
You kill the orc!
You feel sick.
You take 1 damage, and have 19/61 hp.
You feel sick.
Things that are here:
a short sword; a leather armour; an orc corpse You take 1 damage, and have 18/61 hp.
You swap places.
You feel a strong urge to attack something.
You feel sick.
Items here: )) [[ †† You take 1 damage, and have 17/61 hp.
You are no longer berserk.
You are exhausted.
You feel yourself slow down.
* * * LOW HITPOINT WARNING * * *
You feel sick.
Your butterfly disappears in a puff of smoke!
You now have 11/41 hp.
Unknown command.
* * * LOW HITPOINT WARNING * * *
You feel sick.
You take 2 damage, and have 9/41 hp.
Unknown command.
As you read the scroll labeled UXOSAT SARGHYMM, it crumbles to dust.
You feel aware of your surroundings.
It was a scroll of magic mapping.
* * * LOW HITPOINT WARNING * * *
You feel sick.
Your butterfly disappears in a puff of smoke! x2
You take 1 damage, and have 8/41 hp.
Unknown command.
As you read the scroll labeled XOCSAL FEILURGH, it crumbles to dust.
You feel strangely unstable.
It was a scroll of teleportation.
T - 3 scrolls of teleportation
* * * LOW HITPOINT WARNING * * *
You feel sick.
Your butterfly disappears in a puff of smoke!
You take 1 damage, and have 7/41 hp.
* * * LOW HITPOINT WARNING * * *
You feel sick.
You take 2 damage, and have 5/41 hp.
Your surroundings suddenly seem different.
* * * LOW HITPOINT WARNING * * *
You feel sick.
Found a stone staircase leading down.
You take 1 damage, and have 4/41 hp.
Unknown command.
* * * LOW HITPOINT WARNING * * *
You feel sick.
You take 1 damage, and have 3/41 hp.
Unknown command.
Really read
T - 3 scrolls of teleportation {!r, @r2}?
Okay, then.
* * * LOW HITPOINT WARNING * * *
You feel sick.
Unknown command.
Really read
T - 3 scrolls of teleportation {!r, @r2}?
As you read the scroll of teleportation {!r, @r2}, it crumbles to dust.
You feel strangely unstable.
* * * LOW HITPOINT WARNING * * *
You feel sick.
You take 1 damage, and have 2/41 hp.
Unknown command.
Unknown command.
Your surroundings suddenly seem different.
* * * LOW HITPOINT WARNING * * *
You feel sick.
A goblin comes into view. It is wielding a dagger.
The goblin shouts!
You take 1 damage, and have 1/41 hp.
Unknown command.
Really read
T - 2 scrolls of teleportation {!r, @r2}?
As you read the scroll of teleportation {!r, @r2}, it crumbles to dust.
You feel strangely unstable.
You die...
Xom howls with laughter! ▓▓▓▓▓ ██████

▓···· ▓▓▓▓▓▓▓▓ █....█ ▓···· ▓▓▓▓
▓······▓ █....█ ▓···· ···▓
▓······▓ █....█ ▓▓▓▓▓▓▓▓····
▓▓·▓▓▓···...███....███..·········
·········...g...@.......·········
▓▓·▓▓▓···...███....███..·······>·
▓▓·▓ ▓······▓ █....█ ▓········▓▓▓
▓▓·▓▓▓······▓ █....█ ▓········▓ ▓
▓▓··········▓ █....█ ▓········▓ ▓
▓▓▓▓▓·······▓ █....█ ▓········▓ ▓
▓▓▓▓▓·······▓▓██████ ▓········▓ ▓
···▓▓··········▓ ▓········▓ ▓
···▓▓▓▓▓▓▓▓▓▓▓·▓ ▓········▓ ▓


You could see a goblin.

Vanquished Creatures
  A hound (D:2)
  3 orc wizards
  A gnoll (D:1)
  An adder (D:2)
  An ooze (D:1)
  A worm (D:2)
  A dart slug (D:1)
  5 orcs
  10 bats
  3 giant cockroaches
  3 goblins
  3 hobgoblins
  2 jackals (D:1)
  4 frilled lizards
  6 kobolds
  A rat (D:2)
46 creatures vanquished.

Vanquished Creatures (collateral kills)
  A hound (D:2)
  An orc wizard (D:2)
  An ooze (D:2)
  An orc (D:3)
4 creatures vanquished.

Grand Total: 50 creatures vanquished

Notes
Turn   | Place    | Note
-------+----------+-------------------------------------------
     0 | D:1      | Goblin1989 the Demonspawn Chaos Knight began the quest for the Orb.
     0 | D:1      | Reached XP level 1. HP: 18/18 MP: 1/1
    59 | D:1      | XOM: silly message
   158 | D:1      | Reached skill level 3 in Short Blades
   224 | D:1      | Gained mutation: You have sharp fingernails. [demonic ancestry]
   224 | D:1      | Reached XP level 2. HP: 16/24 MP: 2/2
   277 | D:1      | XOM: harmless Chrm miscast
   724 | D:1      | Gained mutation: A weak demonic guardian rushes to your aid. [demonic ancestry]
   724 | D:1      | Reached XP level 3. HP: 15/29 MP: 3/3
   961 | D:1      | XOM: cloud trail
   992 | D:1      | XOM: god gift: 16 gold pieces {god gift}
  1093 | D:1      | Reached skill level 4 in Short Blades
  1481 | D:2      | Found a burning altar of Makhleb.
  1488 | D:2      | XOM: harmless Tloc miscast
  1692 | D:2      | Reached XP level 4. HP: 31/35 MP: 4/4
  1756 | D:2      | XOM: silly message
  1800 | D:2      | Found a faded altar of an unknown god.
  1898 | D:2      | XOM: cloud trail
  1940 | D:2      | Reached skill level 5 in Short Blades
  2149 | D:2      | XOM: mild Pois miscast
  2200 | D:2      | Reached XP level 5. HP: 18/41 MP: 5/5
  2319 | D:2      | XOM: give mutation
  2319 | D:2      | Gained mutation: Your muscles are strong. (Str +2) [Xom's grace]
  2642 | D:3      | XOM: butterfly on damage
  2672 | D:3      | HP: 2/41 [poisoned by an orc wizard]
  2674 | D:3      | Succumbed to an orc wizard's poison

Skill      XL: |  1  2  3  4 |
---------------+-------------+-----
Short Blades   | 3 4 5 |  5.8
Fighting       | |  3.0
Armour         | |  1.7
Dodging        | |  0.8

Action                   |  1- 3 |  4- 6 || total
-------------------------+-------+-------++-------
Melee: Short sword       |   131 |    62 ||   193
  Use: Scroll            |     6 |     4 ||    10
       Potion            |       |     1 ||     1
 Stab: Paralysed         |     3 |     1 ||     4
       Distracted        |       |     1 ||     1
  Eat: Chunk             |     2 |     1 ||     3
       Ration            |       |     1 ||     1
Armor: Leather armour    |    50 |    23 ||    73
Dodge: Dodged            |    89 |    25 ||   114

Vault maps used:
D:1:      dpeg_chamrin_arrival_tetris
D:2:      chequers_ecumenical_altar_grove, first_ration,
          makhleb_heckhound_becter
D:3:      uniq_grinder
